 Dungeon Crawl Stone Soup version 0.26.1-2-gb8aa6d0cf2 (webtiles) character file.

Game seed: 9733712467886085926

35 Gadfly the Magician (level 3, 0/19 HPs)
             Began as a Tengu Hedge Wizard on Feb 19, 2021.
             Succumbed to an adder's poison
             ... on level 2 of the Dungeon.
             The game lasted 00:02:16 (1458 turns).

Gadfly the Magician (Tengu Hedge Wizard)            Turns: 1458, Time: 00:02:16

Health: 0/19       AC:  3    Str: 10    XL:     3   Next: 35%
Magic:  8/8        EV: 13    Int: 15    God:
Gold:   73         SH:  0    Dex: 13    Spells: 0/8 levels left

rFire    . . .     SeeInvis .   e - +0 spear
rCold    . . .     Faith    .   (no shield)
rNeg     . . .     Spirit   .   b - +0 robe
rPois    .         Reflect  .   c - +0 hat
rElec    .         Harm     .   g - +0 cloak
rCorr    .         Rampage  .   (no gloves)
Will     .....                  (boots unavailable)
Stlth    ++........             (no amulet)
HPRegen  0.06/turn              (no ring)
MPRegen  0.11/turn              (no ring)

@: lethally poisoned (0 -> -6)
A: beak, talons 3
a: no special abilities


You were on level 2 of the Dungeon.
You visited 1 branch of the dungeon, and saw 2 of its levels.

You collected 73 gold pieces.

Inventory:

Hand Weapons
 e - a +0 spear (weapon)
Armour
 b - a +0 robe (worn)
 c - a +0 hat (worn)
 g - a +0 cloak (worn)


   Skills:
 + Level 0.2 Fighting
 * Level 2.4 Dodging
 - Level 2.0 Stealth
 + Level 3.1 Spellcasting
 * Level 2.0 Conjurations
 * Level 1.9 Summonings
 * Level 1.2 Translocations
 * Level 1.0 Air Magic
 * Level 0.7 Evocations


You couldn't memorise any spells.
You knew the following spells:

 Your Spells              Type           Power        Failure   Level
a - Magic Dart            Conj           32%          9%          1
b - Call Imp              Summ           8%           14%         2
c - Blink                 Tloc           N/A          19%         2
d - Mephitic Cloud        Conj/Pois/Air  5%           36%         3

Your spell library contained the following spells:

 Spells                   Type           Power        Failure   Level
 Slow                     Hex            2%           30%         2
 Conjure Flame            Conj/Fire      5%           36%         3


Dungeon Overview and Level Annotations

Branches:
Dungeon (2/15)

Altars:
Cheibriados


Innate Abilities, Weirdness & Mutations

You have a beak for a mouth.
You have claws for feet.


Message History

You barely miss the adder.
The adder is moderately wounded.
The adder closely misses you. The adder bites you but does no damage.
You miss the adder. Your kick misses the adder.
You peck the adder, but do no damage.
The adder is moderately wounded.
The adder bites you.
You hit the adder. Your kick misses the adder.
The adder is heavily wounded.
You feel sick. The adder bites you.
* * * LOW HITPOINT WARNING * * *
You are more poisoned.
The adder poisons you! The adder barely misses you.
You barely miss the adder. You claw the adder, but do no damage.
The adder is heavily wounded.
The adder closely misses you.
You feel magically purged.
* * * LOW HITPOINT WARNING * * *
You feel sick. The adder misses you.
You die...

###### .....# .....#
##########.....##
#.....@.Sg.......
######.########.....##
#..........# .....#
#.........(# .....#
#..........# ######
#..........#
######.##### #.# #.#


You could see an adder and a goblin.

Vanquished Creatures
  An adder (D:2)
  An ooze (D:1)
  2 dart slugs
  A giant cockroach (D:2)
  2 goblins (D:1)
  A hobgoblin (D:1)
  3 kobolds (D:2)
  5 bats
  A frilled lizard (D:1)
  2 rats (D:2)
19 creatures vanquished.

Notes
Turn   | Place    | Note
-------+----------+-------------------------------------------
     0 | D:1      | Gadfly the Tengu Hedge Wizard began the quest for the Orb.
     0 | D:1      | Reached XP level 1. HP: 10/10 MP: 5/5
   193 | D:1      | Reached XP level 2. HP: 15/15 MP: 2/7
   194 | D:1      | Reached skill level 1 in Translocations
  1048 | D:1      | Learned a level 2 spell: Call Imp
  1051 | D:1      | Learned a level 2 spell: Blink
  1170 | D:2      | Found a snail-covered altar of Cheibriados.
  1176 | D:2      | Reached skill level 1 in Air Magic
  1176 | D:2      | Reached XP level 3. HP: 18/19 MP: 8/8
  1186 | D:2      | Learned a level 3 spell: Mephitic Cloud
  1458 | D:2      | Succumbed to an adder's poison

Illustrated notes

Levels and vault maps discovered:
D:1:      dpeg_arrival_simpleton_a, layout_loops_corners
D:2:      layout_basic, overflow_temple_1_default,
          nicolae_gozag_cash_rules_everything_around_me, uniq_natasha

Skill      XL: |  1  2  3 |
---------------+----------+-----
Translocations | 1 |  1.2
Air Magic      | 1 |  1.0
Conjurations   | 2 |  2.0
Fighting       | |  0.2
Dodging        | |  2.4
Stealth        | |  2.0
Spellcasting   | |  3.1
Summonings     | |  1.9
Evocations     | |  0.7

Action                   || total
-------------------------++-------
Melee: Kick              ||     8
       Dagger            ||     2
       Spear             ||    53
       Peck              ||     3
 Cast: Magic Dart        ||    17
  Use: Scroll            ||     1
       Potion            ||     2
 Stab: Sleeping          ||     5
Armor: Robe              ||    16
Dodge: Dodged            ||    37
